Map: Ever Dream LE

Players

Astrea - Winner!

  • Race: Protoss Protoss
  • Spawn Location: 7:00

Neeb

  • Race: Protoss Protoss
  • Spawn Location: 1:00

Event: DreamHack SC2 Masters 2020 Summer North America

VOD

Have the link to the VOD?

Description

Time

  • Played on: July 8, 2020, 4:33 p.m.
  • Length: 10:16

All games in this series

Show
View Real Time Build Order
Export as new Build Order

Astrea Protoss - Winner!

Build Orders:  

Get SALT Encoding   

  12  0:00  Probe  
  13  0:12  Probe  
  14  0:16  Pylon  
  14  0:23  Probe  
  15  0:31  Probe  
  16  0:36  Gateway  
  16  0:39  Probe  
  16  0:45  Assimilator  
  17  0:51  Probe  
  17  0:53  Assimilator  
  18  0:59  Probe  
  19  1:06  Gateway  
  19  1:07  Probe  
  19  1:17  Probe  
  20  1:22  Cybernetics Core  
  21  1:29  Probe  
  21  1:32  Pylon  
  22  1:41  Probe  
  23  1:53  Probe  
  24  1:58  Robotics Facility  
  24  2:00  Warp Gate  
  24  2:01  Stalker  
  24  2:07  Pylon  
  26  2:14  Stalker  
  28  2:31  Stalker  
  30  2:38  Observer  
  30  2:53  Nexus  
  30  2:59  Sentry  
  32  3:05  Stalker  
  34  3:14  Nexus  
  34  3:22  Immortal  
  34  3:28  Shield Battery  
  38  3:38  Pylon  
  38  3:53  Gateway  
  38  3:57  Sentry x2  
  38  4:00  Probe  
  43  4:08  Pylon  
  43  4:12  Probe  
  44  4:24  Probe  
  44  4:26  Stalker x2  
  49  4:33  Probe  
  49  4:36  Probe  
  51  4:53  Stalker x3  
  51  4:56  Pylon  
  51  4:59  Probe  
  57  5:00  Probe  
  58  5:11  Probe  
  59  5:18  Adept x3  
  59  5:19  Observer  
  65  5:22  Probe  
  63  5:33  Probe  
  63  5:34  Probe  
  65  5:39  Warp Prism  
  65  5:45  Probe, Stargate  
  65  5:46  Probe  
  68  5:57  Probe  
  68  6:00  Shield Battery  
  70  6:16  Gateway  
  68  6:26  Pylon  
  68  6:35  Probe  
  68  6:36  Phoenix, Probe  
  70  6:40  Pylon  
  70  6:45  Pylon  
  70  6:47  Pylon  
  72  6:53  Phoenix  
  72  6:56  Pylon  
  72  6:58  Probe x2  
  74  7:03  Adept  
  74  7:04  Adept x2  
  82  7:08  Pylon  
  82  7:10  Probe x2  
  82  7:12  Phoenix  
  86  7:23  Robotics Facility  
  86  7:29  Phoenix, Probe x2  
  88  7:38  Assimilator  
  88  7:41  Assimilator  
  88  7:42  Pylon  
  90  7:45  Probe x2  
  92  7:58  Probe x2  
  92  8:04  Adept x4  
  102  8:12  Robotics Bay  
  102  8:13  Immortal, Pylon  
  106  8:49  Disruptor  
  105  9:04  Robotics Facility  
  105  9:06  Forge  
  105  9:14  Nexus  
  105  9:15  Disruptor  
  105  9:16  Pylon  
  105  9:30  Stalker x4  
  116  9:34  Shield Battery  
  116  9:36  Pylon  
Show
View Real Time Build Order
Export as new Build Order

Neeb Protoss 

Build Orders: Phoenix Opening 

Get SALT Encoding   

  12  0:00  Probe  
  13  0:12  Probe  
  14  0:17  Pylon  
  14  0:24  Probe  
  15  0:32  Probe  
  15  0:36  Gateway  
  15  0:40  Probe  
  16  0:48  Assimilator  
  17  0:51  Probe  
  17  0:54  Assimilator  
  18  1:00  Probe  
  19  1:08  Gateway, Probe  
  19  1:17  Probe  
  20  1:25  Cybernetics Core  
  21  1:29  Probe  
  22  1:36  Pylon  
  22  1:41  Probe  
  23  2:01  Adept x2, Warp Gate  
  26  2:06  Pylon  
  27  2:10  Probe  
  28  2:18  Stargate  
  28  2:34  Stalker x2  
  32  2:39  Probe  
  33  2:51  Shield Battery, Probe  
  34  3:04  Phoenix  
  37  3:12  Robotics Facility  
  36  3:15  Shield Battery, Probe  
  37  3:24  Shield Battery  
  37  3:27  Shield Battery  
  37  3:30  Phoenix  
  39  3:42  Pylon  
  39  3:46  Probe  
  38  3:56  Observer  
  38  4:01  Stalker x2  
  43  4:15  Nexus  
  43  4:17  Probe  
  44  4:26  Probe  
  45  4:33  Robotics Bay  
  45  4:34  Probe  
  46  4:48  Pylon  
  44  4:59  Immortal  
  44  5:03  Pylon  
  48  5:13  Gateway  
  48  5:15  Sentry  
  48  5:16  Gateway  
  48  5:18  Pylon  
  50  5:33  Stalker  
  50  5:34  Warp Prism  
  52  5:42  Pylon  
  54  5:46  Probe  
  55  6:01  Sentry  
  57  6:09  Nexus  
  57  6:16  Probe  
  58  6:22  Colossus  
  58  6:28  Pylon  
  65  6:36  Sentry  
  66  6:44  Probe  
  67  6:47  Stalker  
  67  6:48  Shield Battery  
  69  6:56  Probe  
  69  7:00  Pylon  
  71  7:11  Colossus  
  76  7:24  Probe x2  
  78  7:35  Gateway  
  78  7:36  Gateway  
  78  7:37  Stalker  
  78  7:40  Shield Battery  
  80  7:46  Stalker  
  80  7:47  Pylon  
  82  7:54  Stalker  
  84  7:58  Assimilator  
  84  8:01  Assimilator  
  84  8:16  Observer  
  84  8:27  Colossus  
  90  8:38  Adept x4  
  90  8:39  Adept  
  90  8:40  Adept  
  98  9:00  Adept x5  
  106  9:05  Stalker  
  108  9:15  Pylon  
  106  9:17  Pylon  
  104  9:28  Pylon  
  104  9:33  Zealot x3  
  104  9:37  Sentry x2  
  114  9:38  Sentry  
  114  9:42  Pylon  
Tags
 
Add a new tag
Caveats
  • Supply blocks, unpowered buildings, or Contaminate may cause inaccurate times.
  • Supply counts are checked every 10 seconds.